 Dungeon Crawl Stone Soup version 0.20.1-1-g8b1a95d (webtiles) character file.

122 Internecine the Charmwright (level 5, -6/34 HPs)
             Began as a Halfling Skald on Sept 24, 2017.
             Was a Follower of Elyvilon.
             Mangled by Sigmund
             ... wielding a +0 scythe
              (8 damage)
             ... on level 3 of the Dungeon.
             The game lasted 00:35:14 (2628 turns).

Internecine the Charmwright (Halfling Skald)        Turns: 2628, Time: 00:35:15

Health: -6/34      AC:  7    Str: 13    XL:     5   Next: 27%
Magic:  8/8        EV: 13    Int: 11    God:    Elyvilon [*.....]
Gold:   47         SH:  0    Dex: 14    Spells: 5/8 levels left

rFire    . . .     SeeInvis .   C - +2 hunting sling (freeze)
rCold    . . .     Gourm    .   (shield restricted)
rNeg     . . .     Faith    .   e - +0 ring mail
rPois    .         Spirit   .   (no helmet)
rElec    .         Reflect  .   J - +0 cloak
rCorr    .         Harm     .   M - +0 pair of gloves
MR       .....                  (no boots)
Stlth    +.........             (no amulet)
Regen    0.2/turn               (no ring)
MPRegen  0.2/turn               (no ring)

@: no status effects
A: mutation resistance 1
a: Lesser Healing, Divine Protection, Renounce Religion


You were on level 3 of the Dungeon.
You worshipped Elyvilon.
Elyvilon was aware of your devotion.
You were hungry.

You visited 1 branch of the dungeon, and saw 3 of its levels.

You collected 47 gold pieces.

Inventory:

Hand Weapons
 a - a +0 mace
 g - a +0 short sword
 h - a +0 dagger
 k - a +0 mace
 l - a +0 club
 o - a +0 club
 p - a +0 club
 r - a +0 spear
 u - a +0 club
 v - a +0 club
 w - a +0 dagger
 x - a +0 short sword
 y - a +0 dagger
 z - a +0 dagger
 A - a +2 dagger of speed
 C - a +2 hunting sling of freezing (weapon)
 E - a +0 mace
 F - a +0 whip
 G - a cursed -1 club
 I - a +3 quarterstaff of chaos
 K - a +0 mace
 L - a +0 club
Missiles
 f - 24 bolts
 n - 58 stones
 s - 16 sling bullets (quivered)
 B - 14 arrows
Armour
 b - a +0 leather armour
 e - a +0 ring mail (worn)
 J - a +0 cloak (worn)
 M - a +0 pair of gloves (worn)
Scrolls
 m - a scroll of identify {unknown}
 q - a scroll of magic mapping {unknown}
 t - a scroll of recharging {unknown}
 D - a scroll of remove curse
Books
 c - a book of Battle

   Spells                             Type                      Level
   a - Infusion                       Charms                       1
   b - Shroud of Golubria             Charms/Translocation         2
   c - Song of Slaying                Charms                       2
   d - Spectral Weapon                Hexes/Charms                 3
   e - Regeneration                   Charms/Necromancy            3
Comestibles
 d - 2 bread rations
 i - 2 fruits
 H - 3 chunks of flesh


   Skills:
 + Level 2.0 Fighting
 + Level 0.8 Short Blades
 + Level 2.5 Maces & Flails
 + Level 1.3 Slings
 + Level 0.2(0.5) Throwing
 + Level 1.9 Armour
 + Level 2.6 Dodging
 + Level 2.2 Spellcasting
 + Level 3.9 Charms


You had 5 spell levels left.
You knew the following spells:

 Your Spells              Type           Power        Failure   Level  Hunger
a - Infusion              Chrm           #...         12%         1    ##.....
b - Song of Slaying       Chrm           #.......     19%         2    ###....


Dungeon Overview and Level Annotations

Branches:
Dungeon (3/15)

Altars:
Elyvilon
Nemelex Xobeh
Qazlal

Annotations:
D:3 Sigmund


Innate Abilities, Weirdness & Mutations

You are small and have problems with some larger weapons.
You are somewhat resistant to further mutation.


Message History

Something hits you.
* * * LOW HITPOINT WARNING * * *
You see here a sling bullet.
* * * LOW HITPOINT WARNING * * *
You feel sick.
You are no longer poisoned.
Something hits you but does no damage.
Things that are here:
a whip; a giant cockroach corpse; an adder corpse You feel less confused.
You see here a sling bullet.
A magic dart appears from out of thin air!
The magic dart hits you!
A goblin comes into view.
The goblin shouts!
Wield which item (- for none, * to show all)? (? for menu, Esc to quit)
Your +2 hunting sling of freezing is covered in frost.
C - a +2 hunting sling of freezing (weapon)
Something hits you!
You die...

(...(....$..
...#.......# #
.#.........# .#
...........##.#
).............#
##..........#
##........###
##...%...)(###########
#.#.#####.#..@......#
####.. #...#######g.
....##.## ....####
....# ....# ....#


You could see a goblin.

Vanquished Creatures
  Crazy Yiuf (D:2)
  4 adders
  An ooze (D:1)
  3 leopard geckos
  4 giant cockroaches
  6 goblins
  4 hobgoblins
  6 jackals (D:1)
  13 kobolds
  2 bats
  3 frilled lizards
  5 rats
52 creatures vanquished.

Vanquished Creatures (others)
  A bush (D:1)
1 creature vanquished.

Grand Total: 53 creatures vanquished

Notes
Turn   | Place    | Note
-------+----------+-------------------------------------------
     0 | D:1      | Internecine the Halfling Skald began the quest for the Orb.
     0 | D:1      | Reached XP level 1. HP: 14/14 MP: 3/3
   182 | D:1      | Reached XP level 2. HP: 10/19 MP: 4/4
   335 | D:1      | Learned a level 2 spell: Song of Slaying
   672 | D:1      | Reached XP level 3. HP: 20/24 MP: 5/5
  1567 | D:2      | Reached XP level 4. HP: 29/29 MP: 6/6
  1787 | D:2      | Found a white marble altar of Elyvilon.
  1807 | D:2      | Became a worshipper of Elyvilon the Healer
  1895 | D:2      | Found a sparkling altar of Nemelex Xobeh.
  2060 | D:2      | Found a runed door.
  2064 | D:2      | Noticed Crazy Yiuf
  2087 | D:2      | Killed Crazy Yiuf
  2244 | D:2      | Found a stormy altar of Qazlal.
  2377 | D:2      | Reached XP level 5. HP: 34/34 MP: 6/8
  2562 | D:3      | Noticed Sigmund
  2573 | D:3      | Reached * piety under Elyvilon
  2604 | D:3      | Reached skill level 1 in Slings
  2621 | D:3      | HP: 1/34 [poisoned by an adder]
  2628 | D:3      | Mangled by Sigmund

Skill      XL: |  1  2  3  4  5 |
---------------+----------------+-----
Maces & Flails | 2 |  2.5
Fighting       | 2 |  2.0
Spellcasting   | 2 |  2.2
Slings         | 1 |  1.3
Short Blades   | |  0.8
Throwing       | |  0.2
Armour         | |  1.9
Dodging        | |  2.6
Charms         | |  3.9

Action                   |  1- 3 |  4- 6 || total
-------------------------+-------+-------++-------
Melee: Mace              |   192 |       ||   192
       Dagger            |       |    58 ||    58
 Fire: Hunting sling     |     2 |    25 ||    27
Throw: Stone             |     6 |       ||     6
 Cast: Song of Slaying   |     5 |    11 ||    16
  Use: Potion            |       |     5 ||     5
       Scroll            |       |     2 ||     2
  Eat: Chunk             |     2 |     4 ||     6
       Fruit             |       |     1 ||     1
Armor: Ring mail         |    24 |    34 ||    58
Dodge: Dodged            |    73 |    46 ||   119
